 Dungeon Crawl Stone Soup version 0.26-a0-631-ged93497179 (webtiles) character file.

Game seed: 3688707968030690276

505 Drevant2 the Purveyor of Pain (level 6, -7/32 HPs)
             Began as a Deep Elf Necromancer on Sept 13, 2020.
             Was an Initiate of Kikubaaqudgha.
             Mangled by an orc warrior
             ... wielding a cursed -2 halberd
              (16 damage)
             ... on level 6 of the Dungeon.
             The game lasted 00:16:32 (7095 turns).

Drevant2 the Purveyor of Pain (DENe)                Turns: 7095, Time: 00:16:33

Health: -7/32      AC:  2    Str:  6    XL:     6   Next: 96%
Magic:  0/16       EV: 13    Int: 21    God:    Kikubaaqudgha [......]
Gold:   267        SH:  0    Dex: 15    Spells: 8/16 levels left

rFire    . . .     SeeInvis .   j - +0 dagger
rCold    . . .     Faith    .   (no shield)
rNeg     . . .     Spirit   .   p - +0 robe (curse)
rPois    .         Reflect  .   (no helmet)
rElec    .         Harm     .   (no cloak)
rCorr    .         Rampage  .   (no gloves)
MR       .....                  (no boots)
Stlth    +++.......             (no amulet)
HPRegen  0.10/turn              (no ring)
MPRegen  0.15/turn              (no ring)

@: no status effects
A: no striking features
a: Renounce Religion


You were on level 6 of the Dungeon.
You worshipped Kikubaaqudgha.
Kikubaaqudgha was noncommittal.
You visited 2 branches of the dungeon, and saw 7 of its levels.

You collected 267 gold pieces.

Inventory:

Hand Weapons
 c - a -1 mace
 j - a +0 dagger (weapon)
 k - a +0 antimagic trident
Missiles
 i - 3 silver javelins (quivered)
Armour
 a - a +0 robe
 p - a cursed +0 robe (worn)
Jewellery
 q - a +6 ring of intelligence {unknown}
 r - an uncursed amulet of faith {unknown}
 v - an uncursed amulet of magic regeneration {unknown}
Wands
 t - a wand of polymorph (10)
 u - a wand of iceblast (7)
Scrolls
 e - 3 scrolls of remove curse
 f - 4 scrolls of identify {unknown}
 g - 3 scrolls of fog {unknown}
 h - 2 scrolls of magic mapping {unknown}
 l - a scroll of enchant weapon {unknown}
 o - a scroll of blinking {unknown}
 s - a scroll of enchant armour {unknown}
Potions
 b - a potion of stabbing {unknown}
 d - 2 potions of heal wounds {unknown}
 m - a potion of ambrosia {unknown}
 n - a potion of curing {unknown}
 w - a potion of brilliance {unknown}
 x - a potion of degeneration {unknown}


   Skills:
 - Level 2.4 Dodging
 + Level 5.3 Stealth
 + Level 5.5 Spellcasting
 * Level 7.9 Necromancy


You had 8 spell levels left.
You knew the following spells:

 Your Spells              Type           Power        Failure   Level
a - Pain                  Necr           ####         1%          1
b - Vampiric Draining     Necr           #####.....   1%          3
c - Animate Dead          Necr           #####.....   3%          4

Your spell library contained the following spells:

 Spells                   Type           Power        Failure   Level
 Animate Skeleton         Necr           #####.       1%          1
 Agony                    Necr           #####...     11%         5


Dungeon Overview and Level Annotations

Branches:
Dungeon (6/15)             Temple (1/1) D:6

Altars:
Dithmenos
Elyvilon
Fedhas
Hepliaklqana
Kikubaaqudgha
Makhleb
Nemelex Xobeh
Okawaru
Qazlal
Sif Muna
Trog
Vehumet
Wu Jian
Xom
The Shining One

Annotations:
D:5 Dowan, Duvessa, Menkaure


Message History

Press: ? - help, Shift-Dir - straight line, f/p - orc warrior
Aim: an orc warrior, wielding a -2 halberd and wearing a +0 chain mail (severely wounded)
The orc warrior is almost dead.
You feel life coursing into your body.
Your scorpion zombie closely misses the orc warrior.
The orc warrior hits you with a cursed -2 halberd!
Casting: Vampiric Draining (safe; 1% risk of failure)
Confirm with . or Enter, or press ? or * to list all spells.
You don't have enough magic to cast that spell.
Casting: Vampiric Draining (safe; 1% risk of failure)
Confirm with . or Enter, or press ? or * to list all spells.
Aiming: Pain (safe; 1% risk of failure)
Press: ? - help, Shift-Dir - straight line, f/p - orc warrior
Aim: an orc warrior, wielding a -2 halberd and wearing a +0 chain mail (almost dead, chance to defeat MR: 84%)
The orc warrior writhes in agony.
Your scorpion zombie misses the orc warrior.
The orc warrior hits you with a cursed -2 halberd!
Ouch! That really hurt!
You die...
Kikubaaqudgha rasps: "You have failed me!
Welcome... death!"

#.# ##.# #.##### #..# #.#...#
#..# ###.#.#.## #..#########
.........# #..........#
####..#.#.#####>########.# #>
.........(....#.# #....# #.#
##....#..(#...o@.#####.######.#
#...#...(...#..Z#.##.......<..#
#.#....(>.....#.##.....######.#
#...#....(..#...#.##...# #.#
.....#...#...##.# #...######.##
#...............# #............
#.(...#.#.#####.###.#........##
#.##......# #........#.###.#
#(##.#.#.##########.####.# #.#


You could see an orc warrior and a friendly scorpion zombie.

Vanquished Creatures
  A centaur (D:6)
  A scorpion (D:6)
  2 hounds (D:4)
  An orc wizard (D:4)
  An iguana (D:4)
  A worker ant (D:4)
  A hound skeleton (D:4)
  10 adders
  An adder skeleton (D:4)
  5 worms
  3 dart slugs
  4 leopard geckos
  9 orcs
  11 bats
  9 giant cockroaches
  8 goblins
  9 hobgoblins
  10 jackals
  4 kobolds
  3 quokkas
  2 ball pythons (D:3)
  6 frilled lizards
  4 rats
106 creatures vanquished.

Notes
Turn   | Place    | Note
-------+----------+-------------------------------------------
     0 | D:1      | Drevant2 the Deep Elf Necromancer began the quest for the
                  | Orb.
     0 | D:1      | Reached XP level 1. HP: 10/10 MP: 6/6
   272 | D:1      | Reached skill level 5 in Necromancy
   543 | D:1      | Reached XP level 2. HP: 15/15 MP: 6/8
  1674 | D:1      | Reached XP level 3. HP: 19/19 MP: 8/10
  2517 | D:2      | Reached XP level 4. HP: 19/24 MP: 6/11
  2613 | D:2      | Learned a level 3 spell: Vampiric Draining
  2633 | D:2      | Reached skill level 6 in Necromancy
  2694 | D:2      | Found a glowing golden altar of the Shining One.
  2694 | D:2      | Found a shadowy altar of Dithmenos.
  3877 | D:3      | Found a shimmering altar of Xom.
  3916 | D:3      | Reached XP level 5. HP: 28/28 MP: 11/13
  3972 | D:3      | Found an ornate altar of the Wu Jian Council.
  4695 | D:4      | Found a stormy altar of Qazlal.
  4750 | D:4      | Found a blossoming altar of Fedhas.
  4815 | D:4      | Found a shimmering blue altar of Sif Muna.
  5014 | D:4      | Reached skill level 7 in Necromancy
  5309 | D:4      | Reached XP level 6. HP: 31/32 MP: 11/15
  5375 | D:4      | Reached skill level 5 in Spellcasting
  6107 | D:5      | Entered Level 5 of the Dungeon
  6109 | D:5      | Noticed Duvessa
  6109 | D:5      | Noticed Dowan
  6161 | D:5      | Noticed Menkaure
  6639 | D:6      | Found a staircase to the Ecumenical Temple.
  6644 | D:6      | Reached skill level 5 in Stealth
  6645 | D:6      | Noticed an orc warrior
  6914 | D:6      | Learned a level 4 spell: Animate Dead
  7001 | Temple   | Entered the Ecumenical Temple
  7039 | Temple   | Became a worshipper of Kikubaaqudgha
  7095 | D:6      | Mangled by an orc warrior

Illustrated notes

Levels and vault maps discovered:
D:1:      psy_arrival_statuary, layout_basic
D:2:      layout_rooms, gammafunk_temple_overflow_elements
D:3:      layout_loops_ring, nicolae_overflow_crystal_walls,
          lemuel_coloured_pillars_altar
D:4:      old_forge, layout_cave_pools, lemuel_doored_altar, fedhas_altar_1,
          kennysheep_little_box, gup_sewer_entry_bubbles, grunt_ministairs_10
D:5:      layout_loops_ring, dancing_weapons_uskayaw,
          nicolae_overflow_hidden_temple, uniq_pikel, uniq_eustachio,
          uniq_menkaure, uniq_duvessa
D:6:      layout_loops_ring, minmay_temple_entry_sparse_star
Temple:   compressed_dpeg_triangle_lava_temple

Skill      XL: |  1  2  3  4  5  6 |
---------------+-------------------+-----
Necromancy     | 5 6 7 |  7.9
Stealth        | 3 4 5 |  5.3
Spellcasting   | 4 5 |  5.5
Dodging        | |  2.4

Action                   |  1- 3 |  4- 6 || total
-------------------------+-------+-------++-------
Melee: Mace              |    43 |       ||    43
       Dagger            |     2 |   153 ||   155
 Cast: Pain              |    46 |   105 ||   151
       Vampiric Draining |       |    15 ||    15
       Animate Dead      |       |     1 ||     1
  Use: Scroll            |     1 |       ||     1
 Stab: Sleeping          |     3 |     6 ||     9
Armor: Robe              |    21 |    26 ||    47
Dodge: Dodged            |    55 |   134 ||   189

Table legend: (Time is in decaauts)
 A = Elapsed time spent in this place.
 B = Non-inter-level travel time spent in this place.
 C = Inter-level travel time spent in this place.
 D = Time resting spent in this place.
 E = Time spent auto-exploring this place.
 F = Levels seen in this place.
 G = Mean time per level.
                   A        B        C        D        E       F      G
               +--------+--------+--------+--------+--------+-----+--------+
         Total |   7140 |   6577 |    563 |   3100 |   2296 |   7 | 1020.0 |
       Dungeon |   7067 |   6504 |    563 |   3100 |   2296 |   6 | 1177.8 |
        Temple |     73 |     73 |      0 |      0 |      0 |   1 |   73.0 |
               +--------+--------+--------+--------+--------+-----+--------+

Top non-repeatable levels by time:
     D:1: 1762 daAuts
     D:2: 1753 daAuts
     D:4: 1451 daAuts
     D:3: 1195 daAuts
     D:6: 852 daAuts
  Temple: 73 daAuts
     D:5: 52 daAuts
